 Dungeon Crawl Stone Soup version 0.29-a0-298-g3c90f9a769 (webtiles) character file.

Game seed: 6306912915124358036

116 Dabor the Stinger (level 4, 0/24 HPs)
             Began as a Deep Elf Venom Mage on Mar 23, 2022.
             Was a Priest of Elyvilon.
             Killed by nerve-wracking pain
             ... invoked by an orc priest
              (9 damage)
             ... on level 4 of the Dungeon.
             The game lasted 00:04:13 (3050 turns).

Dabor the Stinger (Deep Elf Venom Mage)             Turns: 3050, Time: 00:04:14

Health: 0/24       AC:  8    Str:  5    XL:     4   Next: 70%
Magic:  0/11       EV: 28    Int: 22    God:    Elyvilon [***...]
Gold:   132        SH:  0    Dex: 15    Spells: 0/10 levels left

rFire   . . .      SeeInvis .   e - staff of earth
rCold   . . .      Faith    .   (no shield)
rNeg    . . .      Spirit   .   a - +0 robe
rPois   .          Reflect  .   b - +0 helmet
rElec   .          Harm     .   (no cloak)
rCorr   .          Rampage  .   c - +0 pair of gloves
Will    .....                   (no boots)
Stlth   ++........              g - amulet of the acrobat
HPRegen 0.08/turn               h - +4 ring of protection
MPRegen 0.12/turn               (no ring)

@: acrobatic
A: no striking features
a: Renounce Religion, Purification, Heal Other, Heal Self


You were on level 4 of the Dungeon.
You worshipped Elyvilon.
Elyvilon was most pleased with you.
You visited 1 branch of the dungeon, and saw 3 of its levels.

You collected 132 gold pieces.

Inventory:

Armour
 a - a +0 robe (worn)
 b - a +0 helmet (worn)
 c - a +0 pair of gloves (worn)
Magical Staves
 e - a staff of earth (weapon)
Jewellery
 g - an amulet of the acrobat (around neck)
 h - a +4 ring of protection (left hand)
 i - an amulet of guardian spirit
Scrolls
 d - 2 scrolls of immolation
 j - 2 scrolls of identify
 k - a scroll of holy word


   Skills:
 + Level 3.1 Dodging
 - Level 3.0 Stealth
 + Level 3.7 Spellcasting
 - Level 2.0 Transmutations
 * Level 0.6 Air Magic
 * Level 4.3 Poison Magic
 + Level 1.5 Invocations


You couldn't memorise any spells.
You knew the following spells:

 Your Spells              Type           Power      Damage    Failure   Level
a - Sting                 Tmut/Pois      72%        1d6       3%          1
b - Poisonous Vapours     Pois/Air       30%        N/A       6%          2
c - Olgreb's Toxic Radia  Pois           23%        N/A       19%         4
d - Swiftness             Air            7%         N/A       26%         3

Your spell library contained the following spells:

 Spells                   Type           Power      Damage    Failure   Level
 Wereblood                Tmut           12%        N/A       8%          2
 Shock                    Conj/Air       20%        1d4       10%         1
 Sublimation of Blood     Necr           4%         N/A       17%         2
 Mephitic Cloud           Conj/Pois/Air  11%        N/A       17%         3
 Airstrike                Air            3%         N/A       65%         4
 Summon Hydra             Summ           2%         N/A       100%        7


Dungeon Overview and Level Annotations

Branches:
Dungeon (2/15)

Altars:
Elyvilon

Shops:
D:2 [


Message History

You don't have enough magic to cast this spell.
Unknown command.
You are healed.
The orc priest closely misses you.
You barely miss the orc priest.
The orc priest is severely wounded.
The orc priest calls down the wrath of Beogh upon you.
Beogh smites you!
The orc priest attacks as you move away!
The orc priest misses you.
Okay, then.
The orc priest attacks as you move away!
The orc priest misses you.
You hit the orc priest.
The orc priest is almost dead.
The orc priest invokes the aid of Beogh against you.
Beogh smites you! Elyvilon protects you from harm!
You aren't carrying any potions.
Unknown command.
As you read the scroll labelled HONENASOGI, it crumbles to dust.
You hear a loud clanging noise!
It was a scroll of noise.
You hear a shout! x4
The orc priest calls upon Beogh to heal the orc priest.
The orc priest is healed somewhat.
The orc priest hits you with a +0 club.
You hit the orc priest.
The orc priest is severely wounded.
The orc priest hits you but does no damage.
Casting: Olgreb's Toxic Radiance (potentially lethal; 21% risk of failure)
Confirm with . or Enter, or press ? or * to list all spells.
Aiming: Sting (safe; 3% risk of failure)
Press: ? - help, Shift-Dir - straight line, f - orc priest
Aim: an orc priest, wielding a +0 club (severely wounded, poisoned, 74% to hit)
The sting hits the orc priest.
The orc priest looks even sicker.
You kill the orc priest!
The orc priest attacks as you move away!
The orc priest closely misses you.
The orc priest calls down the wrath of Beogh upon you.
Pain shoots through your body!
You die...

.....#....###).....#
##.....######......#
...................+
##.#....######.....#
..........#..>.....#
#.###.#...#.#......#
.. #.....# #.)o...#
..
........#.##.#...#
.#
..#.###.#.##@#...#
#......)...# #.#
#####.##)....... #.
#.####.# # #.. #.##
#.# .#


You could see an orc priest.

Vanquished Creatures
  An orc priest (D:4)
  3 adders
  A worm (D:1)
  A dart slug (D:1)
  3 orcs (D:4)
  6 endoplasms
  6 goblins
  4 hobgoblins
  2 kobolds
  5 quokkas
  5 ball pythons
  4 bats
  8 frilled lizards
  3 rats
52 creatures vanquished.

Notes
Turn   | Place    | Note
-------+----------+-------------------------------------------
     0 | D:1      | Dabor the Deep Elf Venom Mage began the quest for the Orb.
     0 | D:1      | Reached XP level 1. HP: 10/10 MP: 6/6
   100 | D:1      | Found a faded altar of an unknown god.
   147 | D:1      | Prayed at the altar of an unknown god.
   147 | D:1      | Became a worshipper of Elyvilon the Healer
   147 | D:1      | Reached * piety under Elyvilon
   497 | D:1      | Reached XP level 2. HP: 13/15 MP: 6/8
  1273 | D:1      | Reached ** piety under Elyvilon
  1613 | D:1      | Reached XP level 3. HP: 4/19 MP: 2/9
  2167 | D:2      | Found Daeso's Antique Armour Shoppe.
  2533 | D:2      | Reached skill level 1 in Invocations
  2573 | D:2      | Reached *** piety under Elyvilon
  2651 | D:2      | Reached skill level 4 in Poison Magic
  2796 | D:2      | You fall into a shaft and drop 2 floors!
  2925 | D:4      | Reached XP level 4. HP: 24/24 MP: 5/11
  3020 | D:4      | Learned a level 2 spell: Poisonous Vapours
  3025 | D:4      | Learned a level 4 spell: Olgreb's Toxic Radiance
  3029 | D:4      | Learned a level 3 spell: Swiftness
  3045 | D:4      | Elyvilon protects you from harm!
  3050 | D:4      | Killed from afar by an orc priest

Illustrated notes

Levels and vault maps discovered:
D:1:      sevenhm_arrival_forest_fort_small_5, layout_basic,
          basic_ecumenical_altar, minmay_tree_intersection,
          chequers_serial_rivers_micro_b
D:2:      layout_basic, serial_shops, shop_statue
D:4:      layout_basic

Skill      XL: |  1  2  3  4 |
---------------+-------------+-----
Stealth        | 3 |  3.0
Invocations    | 1 |  1.5
Poison Magic   | 4 |  4.3
Dodging        | 3 |  3.1
Transmutations | 2 |  2.0
Spellcasting   | |  3.7
Air Magic      | |  0.6

Action                   |  1- 3 |  4- 6 || total
-------------------------+-------+-------++-------
Melee: Unarmed           |     8 |       ||     8
       Staff             |     2 |     4 ||     6
 Cast: Sting             |   103 |     9 ||   112
       Olgreb's Toxic Ra |       |     1 ||     1
Invok: Heal Self         |       |     1 ||     1
  Use: Potion            |     2 |       ||     2
       Scroll            |     4 |     1 ||     5
 Stab: Sleeping          |     1 |       ||     1
Armor: Robe              |    16 |     4 ||    20
Dodge: Dodged            |    35 |     9 ||    44

Table legend: (Time is in decaauts)
 A = Elapsed time spent in this place.
 B = Non-inter-level travel time spent in this place.
 C = Inter-level travel time spent in this place.
 D = Time resting spent in this place.
 E = Time spent auto-exploring this place.
 F = Levels seen in this place.
 G = Mean time per level.
                   A        B        C        D        E       F      G
               +--------+--------+--------+--------+--------+-----+--------+
         Total |   3051 |   3014 |     37 |      0 |   2591 |   3 | 1017.0 |
       Dungeon |   3051 |   3014 |     37 |      0 |   2591 |   3 | 1017.0 |
               +--------+--------+--------+--------+--------+-----+--------+

Top non-repeatable levels by time:
     D:1: 1859 daAuts
     D:2: 937 daAuts
     D:4: 254 daAuts
